[Event "American Cup Champions 2022"]
[Site "Saint Louis"]
[Date "2022.04.20"]
[Round "1.4"]
[White "Caruana, Fabiano"]
[Black "Xiong, Jeffery"]
[Result "1/2-1/2"]
[ECO "C42"]
[WhiteElo "2792"]
[BlackElo "2686"]
[Annotator "TA"]
[PlyCount "97"]
[EventDate "2022.04.20"]
[EventType "k.o."]
[EventCountry "USA"]
[SourceTitle "playchess.com"]
[Source "ChessBase"]
[SourceQuality "1"]
[TimeControl "5400+30"]

1. e4 e5 2. Nf3 Nf6 3. Nxe5 d6 4. Nf3 Nxe4 5. d4 d5 6. Bd3 Bf5 7. O-O Be7 8. Nc3 Nc6 9. Re1 Nxc3 {[%emt 0:00:15] C42: Petroff Defence: 3 Nxe5 and unusual White 3rd moves.} 10. bxc3 Bxd3 11. Qxd3 O-O 12. Re2 {[%emt 0:03:24] is the legacy move (12.Bf4).} Qd7 13. Bf4 Rfe8 14. Rae1 a6 {[%emt 0:01:51] Prevents Qb5.} 15. h3 Bd6 {[%emt 0:18:15] [#] And now ...Rxe2 would win.} 16. Ng5 $1 g6 {[%emt 0:00:04] [#]} 17. Be5 $146 ({Predecessor:} 17. Bxd6 Rxe2 18. Qxe2 Qxd6 19. h4 h6 20. Nh3 Rd8 21. h5 Kg7 22. hxg6 fxg6 23. Qg4 {1-0 (59) Leal,P (2325)-Wellen,L (2159) ICCF email 2013}) 17... Be7 18. Nf3 b5 19. Qe3 f6 (19... Bf6 $11) 20. Bg3 $14 Kf7 21. Nh2 {[%emt 0:12:17] &Bianco is more active.} (21. Qh6 $14 Kg8 22. Qe3) 21... h5 (21... Bf8 $5 22. Qf4 Rxe2 23. Rxe2 Bd6 $11) 22. Qf3 b4 23. Re6 {[%emt 0:04:39] Threatens to win with Bh4.} bxc3 (23... f5 $1 $14) 24. Bh4 $1 $16 (24. Qxc3 $2 Bb4 25. Qxc6 Qxc6 26. Rxc6 Rxe1+ 27. Nf1 Rc8 $19) 24... Qxe6 25. Rxe6 Kxe6 26. Qxc3 {[%emt 0:02:55] Chess con chili.} Kd7 27. Nf1 ({But not} 27. Qf3 Rab8 28. Qxd5+ Bd6 $11) ({Better is} 27. Qd3 $14) 27... Rab8 $11 28. g4 hxg4 29. hxg4 Rb1 30. Kg2 Rd1 31. Qh3 {[%emt 0:03:03][%cal Oh4f6] Strongly threatening Bxf6!} Rxd4 {[%emt 0:03:25] ...Rh8 is the strong threat.} 32. Bxf6 Bxf6 33. g5+ $1 Re6 34. gxf6 {[%emt 0:00:06] aiming for Ne3.} Rf4 35. Ne3 Rfxf6 36. Nxd5 Rf5 37. Ne3 Rh5 38. Qg4 Rhe5 39. c4 Ne7 40. Qd4+ Kc8 41. Qa7 Ra5 42. Qd4 Rae5 43. Qa7 Rg5+ 44. Kf1 Ra5 45. Qd4 {[%emt 0:00:41] [#]} (45. Qa8+ $11 {keeps the balance.} Kd7 46. Qh8) 45... Rae5 ({Much weaker is} 45... Rxa2 46. Qg4 Kd7 47. c5 $11) ({Black should play} 45... Nf5 $1 $17 46. Qh8+ Kb7 47. Nxf5 Rxf5 48. Qb2+ Kc8 49. Qh8+ Kb7 50. Qb2+ Kc6) 46. Qa7 Ra5 (46... Kd7 $11) 47. Qd4 $17 {[%emt 0:00:07] [#]} Rae5 ({Much worse is} 47... Rxa2 $6 48. Qg4 Kd7 49. c5 $11) (47... Nf5 $1 $17 48. Qh8+ Kb7 49. Nxf5 Rxf5 50. Qb2+ Kc6) 48. Qa7 $11 Ra5 (48... g5 $11) 49. Qd4 {[%emt 0:00:17] Weighted Error Value: White=0.11 (very precise) /Black=0.11 (very precise)} 1/2-1/2

[Event "American Cup Champions 2022"]
[Site "Saint Louis"]
[Date "2022.04.21"]
[Round "1.4"]
[White "Aronian, Levon"]
[Black "Robson, Ray"]
[Result "1/2-1/2"]
[ECO "B50"]
[WhiteElo "2772"]
[BlackElo "2676"]
[Annotator "TA"]
[PlyCount "147"]
[EventDate "2022.04.20"]
[EventType "k.o."]
[EventCountry "USA"]
[SourceTitle "playchess.com"]
[Source "ChessBase"]
[SourceQuality "1"]
[TimeControl "600+5"]

1. e4 c5 2. Nf3 d6 3. c3 Nf6 4. Be2 g6 5. O-O Bg7 6. d3 O-O 7. Be3 b6 8. Nbd2 Bb7 9. Qb1 e5 10. d4 exd4 11. cxd4 cxd4 12. Bxd4 Nc6 13. Bc3 d5 14. Bb5 Nxe4 (14... Rc8 {keeps more tension.} 15. exd5 Nxd5 16. Bxg7 Kxg7 17. Qe4 a6) 15. Nxe4 dxe4 16. Bxg7 exf3 (16... Kxg7 $15 {keeps the upper hand.} 17. Qxe4 Qf6) 17. Bxc6 $16 ({Wrong is} 17. Bxf8 $2 Qg5 18. g3 Qxb5 $19) 17... Bxc6 18. Bxf8 Qg5 19. g3 Qg4 {[%emt 0:00:09] [#]} 20. Kh1 $1 Rxf8 21. Qd3 Re8 22. Rac1 Bb7 23. Rfe1 (23. Rcd1 $16) 23... Re2 $11 24. Rxe2 fxe2+ 25. Kg1 Bf3 26. h3 Qf5 27. Qe3 h5 28. Kh2 Kh7 29. Re1 Qd5 30. b3 Kg7 31. Rxe2 Bxe2 32. Qxe2 Qd4 33. h4 a5 34. Kg2 Qd5+ 35. Qf3 Qe5 36. Qc6 b5 37. a3 b4 38. axb4 axb4 39. Qf3 Qd4 40. Kf1 Kf8 41. Kg2 Ke7 42. Qb7+ Kf6 43. Qf3+ Ke6 44. Qc6+ Ke7 45. Qb7+ Kf6 46. Qf3+ Kg7 47. Kf1 $1 Qd2 48. Kg2 Qc3 49. Qd5 Qf6 50. Qc5 $1 Qc3 51. Qd5 Qe1 52. Qd4+ Kg8 53. Qd8+ Kh7 54. Qd4 Qe7 55. Qd5 f6 56. Qd4 Kg7 57. Kg1 Qb7 58. Qc4 Kh7 59. Qd4 Qe7 60. Kg2 f5 61. Kf1 Kg8 62. Qd5+ Kg7 63. Qd4+ Kf7 64. Qd5+ Kf6 65. Qd4+ Ke6 66. Qe3+ Kd7 67. Qxe7+ Kxe7 68. f4 Kd6 69. Ke2 Kc5 70. Ke3 Kd5 71. Kd3 $1 Kc5 72. Ke3 Kd5 73. Kd3 $1 Kc5 74. Ke3 1/2-1/2

[Event "American Cup Champions 2022"]
[Site "Saint Louis"]
[Date "2022.04.21"]
[Round "1.4"]
[White "Dominguez Perez, Leinier"]
[Black "Shankland, Sam"]
[Result "1-0"]
[ECO "B90"]
[WhiteElo "2752"]
[BlackElo "2708"]
[Annotator "TA"]
[PlyCount "117"]
[EventDate "2022.04.20"]
[EventType "k.o."]
[EventCountry "USA"]
[SourceTitle "playchess.com"]
[Source "ChessBase"]
[SourceQuality "1"]
[TimeControl "600+5"]

1. e4 c5 2. Nf3 d6 3. d4 cxd4 4. Nxd4 Nf6 5. Nc3 a6 6. Be3 e5 7. Nb3 Be6 8. f3 Nbd7 9. g4 h6 10. Qd2 b5 11. O-O-O Nb6 12. Qf2 Rb8 {[%emt 0:00:01] [#] B90: Sicilian Najdorf: Unusual White 6th moves, 6 Be3 Ng4 and 6 Be3 e5.} 13. Nc5 $1 b4 {[%emt 0:00:01] [#]} (13... Bc8 14. Nd3) 14. Nb1 $146 ({Predecessor:} 14. Nxe6 fxe6 15. Nb1 a5 16. h4 Qc7 17. Bb5+ Nfd7 18. Nd2 Rc8 19. Nb3 Nc4 20. Bc5 {½-½ (38) Van Delft,M (2336)-Soderberg,P (2264) Amsterdam 2001}) 14... d5 {[%emt 0:00:02] White is better.} 15. Nxe6 (15. Bxa6 Bxc5 16. Bxc5 Nbd7 $11) 15... fxe6 16. exd5 Nbxd5 17. Nd2 Qc7 18. Bd3 (18. Bc4 $16) 18... Be7 $1 $11 19. Bg6+ (19. Bxa6 O-O 20. Qe2 b3 21. Nxb3 Nxe3 22. Qxe3 Nd5 $15) 19... Kf8 20. Kb1 ({White should play} 20. Rde1 $14) 20... Nxe3 (20... a5 $5 ) 21. Qxe3 Nd5 22. Qe4 Bf6 23. Qc4 Qxc4 24. Nxc4 Ke7 25. Rhe1 Rb5 26. Be4 Rd8 27. Rd3 Rc5 28. Nd2 Rcc8 29. a3 a5 30. axb4 axb4 31. Nb3 Nf4 32. Rxd8 Rxd8 33. Na5 Rd2 34. Nc6+ Kf7 35. Nxb4 Rxh2 36. Nc6 g6 37. b4 Ne2 38. Kb2 Bh4 (38... Nd4 $16) 39. Rd1 $18 {[%emt 0:00:44] b5 is the strong threat.} ({Don't play} 39. Nxe5+ Kg7 40. Ra1 Bf2) 39... Kf6 40. Rd8 Bf2 41. Rg8 Nf4 42. Kb3 h5 43. gxh5 gxh5 44. c4 h4 45. c5 h3 46. Rh8 Rh1 (46... Ne2 $16 47. Rh7 Ng3) 47. Nb8 h2 $2 {[%emt 0:00:10] [#]} (47... Kg5 {is a better defense.} 48. c6 Rc1) 48. Nd7+ $2 (48. c6 $1 $18 {[%cal Rc6c7] Hoping for c7.} Nd5 49. Bxd5 Rb1+ 50. Ka4) 48... Kg5 $16 49. c6 {[%emt 0:00:15] &Bianco is more active.} (49. Nxe5 $16 {Black must now prevent c6.} Bd4 50. Nf7+ Kf6 51. Nh6) 49... Nd5 $2 {[%emt 0:00:13][%mdl 8192] This costs Black the game.} (49... Bh4 $11 50. Rg8+ (50. Nxe5 Rb1+ 51. Bxb1 h1=Q $11) 50... Kh5 51. Rh8+ Kg5 52. Nxe5 (52. Rg8+ Kh5 $11) 52... Rb1+ 53. Bxb1 h1=Q) 50. Bxd5 $18 exd5 {[%emt 0:00:01][%mdl 4096] Endgame KRB-KRN} 51. c7 Rb1+ 52. Ka4 Bh4 53. c8=Q {[%emt 0:00:02] White mates.} h1=Q 54. Qd8+ Kf5 55. Rh5+ Kg6 56. Qe8+ Kg7 57. Qxe5+ Kf7 58. Rh7+ Kg6 59. Qh5# {[%emt 0:00:02] Weighted Error Value: White=0.20 (precise) /Black=0.35} 1-0

[Event "American Cup Champions 2022"]
[Site "Saint Louis"]
[Date "2022.04.22"]
[Round "2.1"]
[White "Caruana, Fabiano"]
[Black "Sevian, Samuel"]
[Result "1/2-1/2"]
[ECO "E49"]
[WhiteElo "2792"]
[BlackElo "2684"]
[Annotator "TA"]
[PlyCount "77"]
[EventDate "2022.04.20"]
[EventType "k.o."]
[EventCountry "USA"]
[SourceTitle "playchess.com"]
[Source "ChessBase"]
[SourceQuality "1"]
[TimeControl "5400+30"]

1. d4 Nf6 2. c4 e6 3. Nc3 Bb4 4. e3 O-O 5. Bd3 d5 6. a3 Bxc3+ 7. bxc3 dxc4 8. Bxc4 c5 9. Ne2 Qc7 10. Ba2 b6 {[%emt 0:01:23] E49: Nimzo-Indian: Rubinstein: 5 Bd3 d5 6 a3 Bxc3+ 7 bxc3.} 11. O-O Ba6 12. Re1 {[%emt 0:00:35] 12.Bb2 is the fancy move.} Rd8 ({Don't play} 12... Ng4 13. Nf4 Nf6 14. e4 $16) 13. Ng3 Nc6 {[%emt 0:03:14] [#]} 14. Rb1 $146 ({Predecessor:} 14. Bb2 Na5 15. e4 Bc4 16. Bxc4 Nxc4 17. Bc1 cxd4 18. cxd4 Qd7 19. e5 Nd5 20. Qg4 f5 21. exf6 Nxf6 {½-½ (36) Rakhmanov,A (2651)-Sychev,K (2556) Bryansk 2021}) 14... Rac8 15. Rb2 h6 16. f4 Na5 17. e4 {[%emt 0:11:07] The position is equal.} cxd4 18. cxd4 Qd7 19. Rd2 Bc4 {[%emt 0:01:39] Against d5} 20. Bxc4 Rxc4 21. Bb2 Qa4 22. d5 {[%emt 0:10:43] [#] Hoping for Qxa4.} Qxd1 23. Rdxd1 exd5 24. Bxf6 gxf6 25. Rxd5 Rxd5 26. exd5 {[%emt 0:00:04] Black should prevent d6.} Rxf4 $11 {[%emt 0:00:52][%mdl 4096] Endgame KRN-KRN} 27. Re8+ Kh7 28. Re7 Rd4 29. Rxf7+ Kg6 30. Rxa7 Rxd5 31. Ne2 {[%emt 0:04:00] [#] And now Nf4+ would win.} Rd2 32. Kf2 Nc6 33. Ra8 Nd4 34. Ke3 Rxe2+ 35. Kxd4 Kf7 36. Ra7+ Kg6 37. Ra8 Kf7 38. Ra7+ Kg6 39. Ra8 {[%emt 0:00:09] An interesting draw.  Weighted Error Value: White=0.01 (flawless) /Black=0.02 (flawless)} 1/2-1/2

[Event "American Cup Champions 2022"]
[Site "Saint Louis"]
[Date "2022.04.22"]
[Round "2.1"]
[White "Aronian, Levon"]
[Black "Dominguez Perez, Leinier"]
[Result "0-1"]
[ECO "C42"]
[WhiteElo "2772"]
[BlackElo "2752"]
[Annotator "TA"]
[PlyCount "56"]
[EventDate "2022.04.20"]
[EventType "k.o."]
[EventCountry "USA"]
[SourceTitle "playchess.com"]
[Source "ChessBase"]
[SourceQuality "1"]
[TimeControl "5400+30"]

1. e4 e5 2. Nf3 Nf6 3. Nxe5 d6 4. Nf3 Nxe4 5. Nc3 Nxc3 6. dxc3 Be7 7. Be3 O-O 8. Qd2 {[%emt 0:00:04] C42: Petroff Defence: 3 Nxe5 and unusual White 3rd moves.} Nd7 9. O-O-O Nf6 10. Bd3 {[%emt 0:00:15] The position is equal.} Re8 11. h4 d5 12. Ng5 h6 13. f3 {[%emt 0:01:17] Inhibits Ng4.} c5 {[%emt 0:01:03] [#] ...c4 is the strong threat.} ({Don't play} 13... hxg5 14. hxg5 Nd7 15. Bh7+ Kf8 16. Qxd5 $14) 14. Bb5 $146 ({Predecessor:} 14. g4 Qa5 15. Kb1 c4 16. Be2 Bc5 17. Bxc5 Qxc5 18. Nh3 Qe3 19. Nf4 Qxd2 20. Rxd2 {0-1 (29) Borisek,J (2578)-Bogner,S (2619) Batumi 2018}) 14... Bd7 ({Don't take} 14... hxg5 15. hxg5 Bd7 16. Bd3 $18) 15. Bxd7 Qxd7 16. Nh3 Rad8 17. Nf4 Bd6 {[%emt 0:08:14] And now ...Qa4 would win.} 18. Kb1 Qb5 19. Qc1 (19. Rde1 $11) 19... d4 $15 20. cxd4 c4 21. g3 ({White should try} 21. Ka1 $15) 21... c3 $1 $17 {[%mdl 1024] Black has strong compensation.} 22. b3 Qa5 {Threatens to win with ...Ba3.} 23. Rde1 Ba3 $36 {[%mdl 2048] Black is in control.} 24. Qd1 Rd6 $1 {0x0.00299f40ae99dp-1022s more active pieces.} 25. Bf2 $2 {[%emt 0:00:30][%mdl 8192] This move loses the game for White.} (25. Bc1 $17 Ra6 26. Rxe8+ Nxe8 27. Re1) 25... Rxe1 $19 26. Rxe1 {[%emt 0:00:30] [#]} Bb2 $1 27. Qd3 b5 28. a4 {[%emt 0:00:30] [#]} Qb4 $1 {Weighted Error Value: White=0.71/Black=0.01 (flawless)} 0-1

[Event "American Cup Champions 2022"]
[Site "Saint Louis"]
[Date "2022.04.23"]
[Round "2.2"]
[White "Dominguez Perez, Leinier"]
[Black "Aronian, Levon"]
[Result "1/2-1/2"]
[ECO "B12"]
[WhiteElo "2752"]
[BlackElo "2772"]
[Annotator "TA"]
[PlyCount "117"]
[EventDate "2022.04.20"]
[EventType "k.o."]
[EventCountry "USA"]
[SourceTitle "playchess.com"]
[Source "ChessBase"]
[SourceQuality "1"]
[TimeControl "5400+30"]

1. e4 c6 2. d4 d5 3. e5 Bf5 4. Nf3 e6 5. Be2 h6 6. O-O Ne7 7. Nbd2 {[%emt 0:01:36] B12: Caro-Kann: Advance Variation.} Nd7 8. Nb3 g5 $1 {[%emt 0:00:16] 8...g5 scores better than 8...Bh7.} 9. a4 {[%emt 0:07:06] White is slightly better.} Bg7 10. Bd2 O-O 11. c3 f6 12. exf6 Bxf6 13. Ne1 {[%emt 0:12:55] [#]} Bg7 $146 ({Predecessor:} 13... Qe8 14. Nd3 b6 15. f4 Ng6 16. a5 Qe7 17. Be3 Rac8 18. Qd2 c5 19. fxg5 Bxg5 20. axb6 axb6 {½-½ (87) Sprenger,J (2506)-Ledger,A (2380) Ortisei 2016}) 14. f4 gxf4 15. Bxf4 Ng6 (15... e5 $5 16. Bg3 Be4 $15) 16. Bd6 Rf7 17. Bd3 Qg5 18. Bxf5 (18. Qc2 {feels hotter.} Nh4 19. Bf4 Qh5 20. Bxf5 Qxf5 21. Qxf5 Rxf5 22. Nd3) 18... exf5 19. Nf3 Qf6 20. Bg3 Re8 21. Qc2 Re4 22. Rae1 f4 23. Bf2 (23. Nbd2 {is interesting.} fxg3 24. Nxe4 dxe4 25. Qxe4 gxh2+ 26. Nxh2 Re7 27. Qd3) 23... Qf5 24. Nbd2 Rxe1 25. Nxe1 Qxc2 26. Nxc2 Nf6 27. Re1 a5 28. Re2 Kf8 29. Kf1 h5 30. h3 f3 31. Nxf3 Nf4 32. Ng5 Nxe2 33. Nxf7 Nxc3 34. Nd6 Nxa4 35. Nxb7 Nxb2 36. Nxa5 Ne4 37. Nxc6 Nd3 38. Bh4 Nf4 39. Ne3 Kf7 40. g3 Ne6 41. Nxd5 Nxd4 42. Nxd4 Bxd4 $14 {[%emt 0:00:05][%mdl 4096] Endgame KBN-KBN} 43. Nf4 Bf6 $1 44. Bxf6 Nxf6 $11 {[%emt 0:00:22] KN-KN} (44... Kxf6 $11 45. Kg2 (45. Nxh5+ Kg5 $11) 45... Kg5) 45. Kf2 (45. h4 $1 $14) 45... h4 46. g4 (46. gxh4 $16 Kg7 47. Kg3) 46... Ne4+ {[%emt 0:00:17] The position is equal.} 47. Kg2 Kf6 48. Nd3 Ng5 49. Ne1 $1 {[%emt 0:00:29] [#] Nf3 is the strong threat.} Ne6 50. Kh2 {[%emt 0:01:06] And now Nf3 would win.} Ng5 {[%emt 0:00:33] Against Nf3} 51. Kg2 {[%emt 0:00:22] Hoping for Nf3.} Ne6 52. Nd3 Ng5 53. Nf4 Ne4 54. Ne2 Ke5 55. Nc1 Kd4 56. Nb3+ Ke5 57. Nc1 Kd4 58. Nb3+ Ke5 59. Nc1 {[%emt 0:00:15] Weighted Error Value: White=0.10 (very precise) /Black=0.08 (flawless)} 1/2-1/2

[Event "American Cup Champions 2022"]
[Site "Saint Louis"]
[Date "2022.04.23"]
[Round "2.2"]
[White "Sevian, Samuel"]
[Black "Caruana, Fabiano"]
[Result "1/2-1/2"]
[ECO "A33"]
[WhiteElo "2684"]
[BlackElo "2792"]
[Annotator "TA"]
[PlyCount "63"]
[EventDate "2022.04.20"]
[EventType "k.o."]
[EventCountry "USA"]
[SourceTitle "playchess.com"]
[Source "ChessBase"]
[SourceQuality "1"]
[TimeControl "5400+30"]

1. c4 c5 2. Nf3 Nf6 3. d4 cxd4 4. Nxd4 Nc6 5. Nc3 e6 6. g3 Qb6 7. Ndb5 {[%emt 0:01:02] now supersedes 7.Nb3.} Ne5 {[%emt 0:01:35] The position is equal.} 8. Bf4 {[%emt 0:00:50] A33: Symmetrical English: 2 Nf3 Nf6 3 d4 cxd4 4 Nxd4 e6 5 Nc3 Nc6.} Nfg4 {[%emt 0:01:26][%cal Oe5f3] [#] ( -> ...Nf3+!)} 9. e3 a6 10. h3 axb5 11. hxg4 Nxc4 12. Qb3 $1 d5 $1 13. Bxc4 dxc4 14. Qxb5+ Qxb5 15. Nxb5 {[%emt 0:00:03] [#] Hoping for Nc7+.} Ra5 16. Nd6+ Bxd6 17. Bxd6 f6 18. f3 {[%emt 0:03:10] [#]} Rd5 $146 ({Predecessor:} 18... Kf7 19. Bb4 Rd5 20. Rd1 Rxd1+ 21. Kxd1 Bd7 22. Ke2 Ba4 23. Rc1 Kg6 24. Kf2 Bb5 {½-½ (35) Kanmazalp,O (2445)-Kantans,T (2531) Benasque 2017}) 19. Rd1 Rxd1+ 20. Kxd1 $11 {[%emt 0:00:06][%mdl 4096] Endgame KRB-KRB} e5 21. e4 Kf7 {[%emt 0:01:04] aiming for ...Rd8.} 22. Bb4 Rd8+ 23. Ke2 h6 24. Rd1 Rxd1 25. Kxd1 {[%emt 0:00:04] KB-KB} Bd7 26. Kd2 Ba4 27. Bc5 g5 28. Bb4 Kg6 29. Be7 Kf7 30. Bb4 Kg6 31. Be7 Kf7 32. Bb4 {[%emt 0:00:16] A balanced but interesting game.  Weighted Error Value: White=0.00 (flawless) /Black=0.02 (flawless)} 1/2-1/2

[Event "American Cup Champions 2022"]
[Site "Saint Louis"]
[Date "2022.04.23"]
[Round "2.3"]
[White "Caruana, Fabiano"]
[Black "Sevian, Samuel"]
[Result "1-0"]
[ECO "B06"]
[WhiteElo "2792"]
[BlackElo "2684"]
[Annotator "TA"]
[PlyCount "131"]
[EventDate "2022.04.20"]
[EventType "k.o."]
[EventCountry "USA"]
[SourceTitle "playchess.com"]
[Source "ChessBase"]
[SourceQuality "1"]
[TimeControl "600+5"]

1. e4 g6 2. d4 Bg7 3. Nc3 d6 4. Be3 a6 5. g4 b5 6. Bg2 Bb7 7. h4 Nd7 8. h5 gxh5 9. g5 c5 10. Nge2 h6 11. Ng3 hxg5 12. Nxh5 Bh6 13. Qd2 (13. dxc5 $14 {feels stronger.} dxc5 14. Qg4) 13... cxd4 (13... Qa5 $11 {deserves consideration.}) 14. Qxd4 Ne5 15. O-O-O Rc8 16. Kb1 Rc4 (16... g4 $11) 17. Qd2 $1 $16 Rb4 $2 (17... Qa5 $16) 18. b3 $1 $18 (18. Bxg5 Nc4 19. Bxh6 Rxb2+ 20. Ka1 Qa5 $19) 18... Nc4 19. Qe2 Qa5 (19... Na3+ $142 20. Kb2 Qc7) 20. Bc1 $18 g4 (20... Kf8 {was called for.} 21. Nd5 Ra4) 21. Nf4 (21. Qxg4 $142 {aiming for f4.} Kd8 22. f4) 21... e6 (21... Na3+ $142 22. Bxa3 Qxa3 23. Qxg4 Rc4) 22. Nd3 (22. Qxg4 $142 Nf6 23. Qh4) 22... Bg7 $2 (22... Na3+ 23. Bxa3 Qxa3) 23. Rxh8 (23. Nxb4 Rxh1 24. Rxh1 Qxb4 $14) 23... Bxh8 {[%emt 0:00:08] [#]} 24. Qe1 $2 (24. Nxb4 Qxb4 25. Qxg4 Ne7 $16) (24. Qxg4 $1 $18 Ne7 (24... Nh6 25. Qg3) 25. Ne2 (25. Nxb4 Qxb4 26. Ne2 Na3+ 27. Bxa3 Qxa3 $16)) 24... Na3+ ({Black should try} 24... Rxb3+ $1 $14 25. cxb3 Bxc3) 25. Bxa3 $18 Qxa3 26. Nxb4 $2 ({Only move:} 26. Ne2 $1 $18) 26... Qxb4 $11 27. Ne2 ({But not} 27. Kb2 $2 Qc5 28. Qd2 b4 29. Qxd6 Qxd6 30. Rxd6 Bxc3+ 31. Kc1 Nf6 $19) 27... Qa3 28. c3 Be5 29. Nd4 Nf6 30. Qe3 Qc5 31. b4 Qc4 32. f4 gxf3 $1 33. Bxf3 a5 (33... Nd7 $11) 34. Be2 $16 ({Don't do} 34. bxa5 Qa4 $11) 34... Bxe4+ (34... Qc8 $16) 35. Kb2 $1 $18 Qc8 36. Nxb5 $2 (36. Bxb5+ $18 Ke7 37. bxa5) 36... axb4 $11 37. Kc1 $2 (37. Nxd6+ $11 {and White stays safe.} Bxd6 38. Rxd6) 37... d5 (37... bxc3 38. Nxd6+ Bxd6 39. Rxd6 $14) 38. Qb6 (38. Qg5 $142 Qb8 39. Rf1) 38... Bf4+ $2 ({Not} 38... bxc3 $2 39. Qd6 Nd7 40. Rg1 $19) ({Better is} 38... Nd7 $19 39. Qd6 Bxc3) 39. Kb2 $15 bxc3+ 40. Nxc3 Be5 41. Qb4 Nd7 42. Bb5 f5 43. Kb3 Bf3 44. Re1 Bxc3 $4 (44... Qc7 $11 45. Na4 Kf7 46. Bxd7 Qxd7) 45. Qxc3 $2 (45. Rxe6+ {mates} Kd8 46. Qe7+ Kc7 47. Rc6+ Kb8 48. Rxc8+ Kxc8 49. Qxd7+ Kb8 50. Bc6 Bd1+ 51. Kxc3 d4+ 52. Kxd4 Bh5 53. Qb7#) 45... Qxc3+ $18 46. Kxc3 Ke7 47. a4 Nc5 (47... Nb6 $16 48. a5 Na8) 48. a5 $18 Kd6 49. a6 e5 (49... Nxa6 $142 50. Bxa6 e5) 50. a7 $18 d4+ 51. Kb4 d3 52. Rf1 d2 {[%emt 0:00:00] [#]} 53. Rxf3 $4 (53. Rd1 $3 $18 Nb3 54. a8=Q Bxa8 55. Kxb3) 53... d1=Q 54. a8=Q {[%emt 0:00:02] [#]} Qd4+ $4 (54... Qb1+ $1 {and life is good for Black.} 55. Kc4 Qc1+ 56. Kb4 Qb2+ 57. Ka5 Qa2+ 58. Kb4 Qxa8 59. Rh3 Qg2 60. Rh6+ Ne6 61. Rf6 Ke7 62. Rxe6+ Kxe6 63. Kc5 f4 64. Bc4+ Kf5 65. Bd5 f3 66. Kb4 e4 67. Bc6 e3 68. Be8 e2 69. Kc5 e1=Q 70. Bd7+ Kf6 71. Bc6 Qa5+ 72. Bb5 Qc2+ 73. Kd6 Qad2+ 74. Bd3 Qdxd3#) 55. Bc4 Qd2+ 56. Rc3 (56. Kb5 $142 Qb2+ {[#]} 57. Rb3 $3 Qxb3+ 58. Bxb3 Nxb3 59. Qa3+ Kd5 60. Qxb3+ Kd4 61. Kc6) 56... Nd7 57. Qa6+ (57. Qe8 $142 f4 58. Qe6+ Kc7 59. Bb5+ Kd8 60. Bxd7 Qd4+ 61. Kb3 Qd1+ 62. Ka3) 57... Ke7 $18 58. Qe6+ Kd8 59. Qg8+ Kc7 60. Bb3+ Kb6 61. Qd8+ Ka7 62. Qa5+ Kb8 63. Qc7+ Ka8 64. Ka3 Qd4 65. Qa5+ Kb8 66. Qb4+ (66. Qd8+ $142 Ka7 67. Rc7+ Ka6 68. Qa8+ Kb5 69. Ba4+ Qxa4+ 70. Qxa4+ Kb6 71. Qc6+ Ka5 72. Ra7#) 1-0

[Event "American Cup Champions 2022"]
[Site "Saint Louis"]
[Date "2022.04.23"]
[Round "2.3"]
[White "Sevian, Samuel"]
[Black "Caruana, Fabiano"]
[Result "0-1"]
[ECO "D02"]
[WhiteElo "2684"]
[BlackElo "2792"]
[Annotator "TA"]
[PlyCount "122"]
[EventDate "2022.04.20"]
[EventType "k.o."]
[EventCountry "USA"]
[SourceTitle "playchess.com"]
[Source "ChessBase"]
[SourceQuality "1"]
[TimeControl "600+5"]

1. d4 Nf6 2. Nf3 d5 3. Bf4 c5 4. e3 Nc6 5. Nbd2 Nh5 6. Bg5 {[%emt 0:00:25] D02: 1 d4 d5 2 Nf3 sidelines, including 2...Nf6 3 g3 and 2...Nf6 3 Bf4.} h6 7. Bh4 g5 8. Ne5 $1 {[%emt 0:00:09] The position is equal.} Nxe5 9. dxe5 Ng7 10. Bg3 Nf5 11. e4 Nxg3 12. hxg3 {[%emt 0:00:02] [#]} e6 $146 ({Predecessor:} 12... Bg7 13. Bb5+ Bd7 14. Bxd7+ Qxd7 15. f4 O-O-O 16. Qe2 h5 17. O-O-O h4 18. Nf3 Qg4 19. exd5 hxg3 20. Rxh8 Qxf4+ {0-1 (44) Kamsky,G (2674)-Gorodetzky,D (2489) Chess.com INT 2020}) 13. f4 Bd7 14. exd5 exd5 15. Qh5 (15. c4 $14) 15... Qb6 16. O-O-O c4 17. c3 ({White should play} 17. Qf3 $14) 17... Bc5 $36 {[%emt 0:01:22][%mdl 2048] Black is pushing.} 18. Be2 Be3 19. Bg4 O-O-O 20. Kb1 Bxg4 21. Qxg4+ Kb8 22. Qf5 Qe6 23. Qc2 gxf4 {[%emt 0:00:05] &Nero is more active.} 24. gxf4 Bxf4 25. Nf3 Bxe5 26. Rhe1 f6 27. Ka1 Rhg8 28. Nd4 ({White should try} 28. Re2) 28... Qg4 $17 29. Nf5 (29. Re2 $17) 29... Qxg2 $19 30. Qa4 Rge8 31. Nd6 $2 {[%emt 0:00:09] [#]} (31. Rg1 Qh3 32. Qc2) 31... Re7 $2 ({Less strong is} 31... Bxd6 32. Rxe8 Rxe8 33. Qxe8+ Kc7 34. Qf7+ Kc6 35. Qxf6 $16 (35. Qe6 Qe4 $16)) (31... Bxc3 $1 $19 {[%csl Gc3][%cal Rg2b2] has better winning chances.} 32. Qb5 Qxb2+ $1 33. Qxb2 Bxb2+ 34. Kxb2 Rxe1 35. Rxe1 Rxd6) 32. Rg1 (32. Nxc4 $17 Qg4 33. Qb3) 32... Qf2 33. Nxc4 Qf4 34. Qb3 Rc7 (34... Bc7 $19 {is more deadly.} 35. Na3 Qe5) 35. Na3 (35. Nxe5 $17 Qxe5 36. Rge1) 35... Qe3 (35... Rcd7 $19 {Hoping for ...d4.} 36. Nb5 Qe3) 36. Rge1 Qc5 37. Nc2 h5 38. Nb4 (38. Nd4 $17 {was necessary.} Re7 39. Rh1) 38... Qc4 39. Nxd5 Qxb3 40. axb3 Rh7 41. Re3 h4 {[%emt 0:00:01] ...h3 is the strong threat.} 42. Rh3 Bg3 43. c4 f5 44. Rf1 Rf8 45. Rf3 f4 46. Ka2 Rh6 47. b4 Rh5 48. b5 Re5 49. Rh1 Re2 50. Kb3 Rfe8 {[%emt 0:00:09][%cal Oe2e3] aiming for ...R2e3+!} 51. c5 $2 {[%emt 0:00:07] [#]} (51. Rff1 {is a better defense.}) 51... R8e5 $2 (51... R2e3+ $1 52. Nxe3 fxe3) 52. Rd3 $2 (52. Nxf4 {is the only way for White.} R2e3+ 53. Rxe3 Rxe3+ 54. Kc2) 52... f3 $2 (52... Re1 $19 53. Rxe1 Rxe1) 53. c6 $2 (53. Rhd1 $11) 53... bxc6 {[%emt 0:00:02] Black is clearly winning.} 54. bxc6 f2 {[%emt 0:00:07] And now ...Re1 would win.} 55. c7+ Kb7 {[%emt 0:00:05] White must now prevent ...Re1.} 56. Rc1 Re8 {[%emt 0:00:01] Strongly threatening ...Re1.} 57. Rd4 a5 {[%emt 0:00:04] Threatens to win with ...Re1.} (57... Re1 58. Rb4+ Kc8 59. Rb8+ Kd7 60. Nf6+ Kd6 61. Rd8+ Ke7 62. Rxe8+ Kf7 {[#]} 63. c8=Q $1) 58. Nf6 Rc8 59. Rd5 Rxc7 60. Rb5+ Ka6 61. Rxc7 Kxb5 {[%emt 0:00:03] Weighted Error Value: White=0.99/Black=0.57} 0-1